 Dungeon Crawl Stone Soup version 0.30.0-10-gfe55d96785 (webtiles) character file.

Game seed: 2815049597412036940

1803 qw the Cleaver (level 9, -13/55 HPs)
             Began as a Gargoyle Cinder Acolyte on May 17, 2023.
             Was an Elder of Ignis.
             Killed from afar by an acid dragon (34 damage)
             ... with a splash of acid
             ... on level 5 of the Dungeon.
             The game lasted 00:02:28 (4697 turns).

qw the Cleaver (Gargoyle Cinder Acolyte)            Turns: 4697, Time: 00:02:28

Health: -13/55     AC: 19    Str: 21    XL:     9   Next: 9%
Magic:  10/10      EV:  9    Int: 16    God:    Ignis [****..]
Gold:   218        SH:  4    Dex:  5    Spells: 10/10 levels left

rFire   + . .        Y - +0 hand axe (flame)
rCold   . . .        h - +0 buckler
rNeg    + + .        c - +0 pearl dragon scales
rPois   inf          (no helmet)
rElec   +            l - +1 cloak
rCorr   .            (no gloves)
SInv    .            (no boots)
Will    .....        (no amulet) Stlth
                     (no ring)
HPRegen 0.29/turn    (no ring)
MPRegen 0.12/turn

%: no passive effects
@: corroded, fiery-armoured
A: sickness immunity, AC +6, negative energy resistance 1, electricity
resistance, torment resistance 1, petrification resistance
a: Renounce Religion, Fiery Armour, Foxfire Swarm, Rising Flame


You were on level 5 of the Dungeon.
You worshipped Ignis.
Ignis was greatly pleased with you.
You visited 1 branch of the dungeon, and saw 5 of its levels.

You collected 298 gold pieces.
You spent 80 gold pieces at shops.


Innate Abilities, Weirdness & Mutations

You are immune to sickness and miasma.
Your stone body is resilient. (AC +6)
You are immune to poison.
You resist negative energy. (rN+)
You are resistant to electric shocks. (rElec)
You are resistant to unholy torment.
You are immune to petrification.


   Skills:
 - Level 6.2 Fighting
 + Level 8.1 Axes
 - Level 4.9 Armour
 - Level 4.1 Shields
 - Level 1.0 Spellcasting
 - Level 3.0 Fire Magic


You had 10 spell levels left.
You didn't know any spells.
Your spell library contained the following spells:

 Spells                   Type           Power      Damage    Failure   Level
 Scorch                   Fire           20%        2d5       36%         2

Inventory:

Hand Weapons
 Y - a +0 hand axe of flaming (weapon)
Armour
 c - +0 pearl dragon scales (worn)
 h - a +0 buckler (worn)
 l - a +1 cloak (worn)
Jewellery
 g - an amulet of regeneration
Scrolls
 f - a scroll of immolation {unknown}
 i - a scroll of magic mapping {unknown}
Potions
 a - a potion of ambrosia {unknown}
 b - 3 potions of cancellation
 d - 2 potions of curing
 e - 2 potions of heal wounds {unknown}
 j - 2 potions of brilliance {unknown}
 k - a potion of resistance
 m - 2 potions of mutation {unknown}

Dungeon Overview and Level Annotations

Branches:
Dungeon (5/15)
 Temple: D:4-7

Altars:
Xom

Shops:
D:4 *

Annotations:
D:4 2 transporters


Message History

The acid dragon is moderately wounded.
The acid dragon bites you!
The acid dragon claws you but does no damage.
You hit the acid dragon but do no damage.
The acid dragon is lightly wounded.
The acid dragon bites you but does no damage.
The acid dragon closely misses you.
You barely miss the acid dragon.
The acid dragon is lightly wounded.
The acid dragon spits acid at you. The splash of acid hits you!!
The acid corrodes you!
You barely miss the acid dragon.
The acid dragon is lightly wounded.
You block the acid dragon's attack. The acid dragon claws you.
4694 ||| INVOKING Fiery Armour.
A protective cloak of flame settles atop you.
The acid dragon bites you but does no damage.
The acid dragon is burned by your cloak of flames.
The acid dragon is lightly wounded.
The acid dragon misses you.
You barely miss the acid dragon.
The acid dragon is lightly wounded.
The acid dragon bites you.
The acid dragon is burned by your cloak of flames.
The acid dragon is moderately wounded.
The acid dragon closely misses you.
You hit the acid dragon but do no damage.
The acid dragon is moderately wounded.
The acid dragon bites you but does no damage.
The acid dragon is burned by your cloak of flames.
The acid dragon is moderately wounded.
The acid dragon claws you but does no damage.
The acid dragon is burned by your cloak of flames.
The acid dragon is heavily wounded.
You hit the acid dragon. You burn the acid dragon.
The acid dragon is heavily wounded.
The acid dragon spits acid at you. The splash of acid hits you!!
Ouch! That really hurt!
You die...

.######.....................## ##
## ####.####.....####.....###.
#.# ##...##..#......... #.#
##.##...#......... ##.##
#.#...##......... ## ###...##
+#.#).##..#.......
..#####>.....###...###...........
.................8...............
#.......##...###@..###.......#...
###....###..##OD#.#).##..........
###..# #.##...#.#...##.........
##..###.#...##.##...#.....)...
##....##.#?.##...##..#...#.<...
##........####.....####...#.[[..
#.........................#.....
#...........###......... ......
#...........# .###..............


You could see an acid dragon (catching breath) and an ogre.

Vanquished Creatures
  Sigmund (D:3)
  6 yaks (D:4)
  An ogre (D:5)
  A centaur (D:5)
  A scorpion (D:4)
  A jelly (D:4)
  7 hounds
  A sleepcap (D:4)
  An iguana (D:5)
  3 orc wizards
  7 adders
  A shadow imp (D:5)
  A white imp (D:5)
  2 dart slugs (D:2)
  17 orcs
  4 endoplasms
  2 giant cockroaches
  7 goblins
  5 hobgoblins
  7 jackals
  4 quokkas
  8 ball pythons
  10 bats
  4 frilled lizards
  5 kobolds
  9 rats
116 creatures vanquished.

Notes
Turn   | Place    | Note
-------+----------+-------------------------------------------
     0 | D:1      | qw the Gargoyle Cinder Acolyte began the quest for the Orb.
     0 | D:1      | Reached XP level 1. HP: 14/14 MP: 2/2
     0 | D:1      | 0 ||| qw: Version: 0.2-a-95-g4c1bab1
     0 | D:1      | 0 ||| qw: Game counter: 134
     0 | D:1      | 0 ||| qw: Always use a shield: true
     0 | D:1      | 0 ||| qw: God list: Okawaru
     0 | D:1      | 0 ||| qw: Allow faded altars: false
     0 | D:1      | 0 ||| qw: Do Orc after D:15 true
     0 | D:1      | 0 ||| qw: Do second Lair branch before Depths: true
     0 | D:1      | 0 ||| qw: Lair rune preference: random
     0 | D:1      | 0 ||| qw: Plans: Normal
     0 | D:1      | 0 ||| PLANNING D:1-11
   138 | D:1      | Reached skill level 3 in Axes
   175 | D:1      | 175 ||| Stepping ~*~*~tactically~*~*~ (stealth).
   176 | D:1      | 176 ||| Stepping ~*~*~tactically~*~*~ (stealth).
   182 | D:1      | Reached XP level 2. HP: 18/19 MP: 3/3
  1150 | D:1      | Reached XP level 3. HP: 19/23 MP: 4/4
  1257 | D:1      | 1257 ||| UPGRADING to +0 pearl dragon scales.
  1267 | D:1      | 1267 ||| DROPPING +0 robe.
  1268 | D:1      | 1268 ||| DROPPING ring of magical power.
  1269 | D:1      | 1269 ||| READING 4 scrolls labelled WIPHAE MOMY.
  1370 | D:1      | 1370 ||| READING scroll labelled QACAN QECHYILY.
  1371 | D:1      | 1371 ||| READING scroll labelled SIETIE QIX UBEKHA.
  1372 | D:1      | 1372 ||| READING scroll labelled WOPITT TUGAU.
  1373 | D:1      | 1373 ||| DROPPING 3 scrolls of silence.
  1622 | D:2      | Reached skill level 1 in Armour
  1706 | D:2      | Reached skill level 4 in Axes
  1744 | D:2      | 1744 ||| Stepping ~*~*~tactically~*~*~ (stealth).
  1957 | D:2      | Reached XP level 4. HP: 24/28 MP: 5/5
  2028 | D:2      | 2028 ||| Stepping ~*~*~tactically~*~*~ (hiding).
  2234 | D:2      | 2234 ||| READING scroll labelled PICSAXZ WEURPHU.
  2235 | D:2      | 2235 ||| DRINKING 2 sapphire potions.
  2236 | D:2      | 2236 ||| DROPPING potion of attraction.
  2262 | D:3      | Found a faded altar of an unknown god.
  2446 | D:3      | 2446 ||| Stepping ~*~*~tactically~*~*~ (stealth).
  2456 | D:3      | 2456 ||| Stepping ~*~*~tactically~*~*~ (stealth).
  2625 | D:3      | Noticed Sigmund
  2626 | D:3      | 2626 ||| INVOKING Fiery Armour.
  2634 | D:3      | Reached XP level 5. HP: 28/32 MP: 6/6
  2640 | D:3      | Killed Sigmund
  2641 | D:3      | Reached skill level 5 in Axes
  2641 | D:3      | Reached XP level 6. HP: 16/37 MP: 7/7
  2768 | D:3      | Identified the +0 robe of the Valley of Death {Dex+5}
  2794 | D:3      | Found a shimmering altar of Xom.
  2968 | D:3      | 2968 ||| UPGRADING to +0 buckler.
  2973 | D:3      | 2973 ||| READING scroll labelled FALUWE UMUUWUUGHUF.
  2974 | D:3      | 2974 ||| READING scroll labelled GOOHIM NAOBOF.
  2996 | D:3      | 2996 ||| READING scroll labelled HOUXZO PUAQACO.
  3117 | D:4      | Found Rusumof's Assorted Antiques.
  3139 | D:4      | 3139 ||| BUYING 2 orange potions (39 gold).
  3139 | D:4      | Bought 2 orange potions for 39 gold pieces
  3139 | D:4      | 3139 ||| BUYING scroll labelled ZYSYUQ RAOMM (22 gold).
  3139 | D:4      | Bought a scroll labelled ZYSYUQ RAOMM for 22 gold pieces
  3139 | D:4      | 3139 ||| BUYING sedimented yellow potion (19 gold).
  3139 | D:4      | Bought a sedimented yellow potion for 19 gold pieces
  3164 | D:4      | Reached skill level 1 in Shields
  3290 | D:4      | Found a transporter.
  3491 | D:4      | Found a transporter.
  3496 | D:4      | Noticed a fire bat
  3496 | D:4      | Noticed a fire bat
  3819 | D:4      | 3819 ||| UPGRADING to +1 cloak.
  3824 | D:4      | 3824 ||| READING scroll labelled ZIBRUJ UXTIOH.
  3825 | D:4      | 3825 ||| READING scroll labelled OXUED IREOMPY.
  3826 | D:4      | 3826 ||| READING scroll labelled ZYSYUQ RAOMM.
  3827 | D:4      | 3827 ||| DRINKING 4 orange potions.
  3828 | D:4      | 3828 ||| DRINKING 4 viscous silvery potions.
  3840 | D:5      | Entered Level 5 of the Dungeon
  3840 | D:5      | Noticed a yak
  3840 | D:5      | Noticed a yak
  3843 | D:5      | Noticed a yak
  3843 | D:5      | Noticed a yak
  3845 | D:5      | 3845 ||| INVOKING Fiery Armour.
  3847 | D:5      | Reached XP level 7. HP: 43/43 MP: 8/8
  3848 | D:5      | Noticed a yak
  3849 | D:5      | 3849 ||| STAIRDANCE
  3856 | D:4      | Killed a yak
  3857 | D:4      | Reached skill level 3 in Armour
  3861 | D:4      | Killed a yak
  3862 | D:4      | Reached skill level 6 in Axes
  3914 | D:5      | 3914 ||| STAIRDANCE
  3914 | D:5      | Noticed a yak
  3924 | D:4      | Killed a yak
  3925 | D:4      | Reached XP level 8. HP: 21/48 MP: 9/9
  4023 | D:5      | 4023 ||| INVOKING Fiery Armour.
  4025 | D:5      | 4025 ||| STAIRDANCE
  4031 | D:4      | Killed a yak
  4032 | D:4      | Reached skill level 7 in Axes
  4032 | D:4      | HP: 6/48 [yak (9)]
  4032 | D:4      | Killed a yak
  4044 | D:4      | Killed a yak
  4198 | D:5      | 4198 ||| STAIRDANCE
  4242 | D:5      | 4242 ||| Stepping ~*~*~tactically~*~*~ (stealth).
  4243 | D:5      | 4243 ||| Stepping ~*~*~tactically~*~*~ (stealth).
  4245 | D:5      | 4245 ||| Stepping ~*~*~tactically~*~*~ (stealth).
  4246 | D:5      | 4246 ||| Stepping ~*~*~tactically~*~*~ (hiding).
  4247 | D:5      | 4247 ||| Stepping ~*~*~tactically~*~*~ (hiding).
  4256 | D:5      | 4256 ||| DRINKING 3 potions of curing.
  4256 | D:5      | 4256 ||| (to cure confusion)
  4338 | D:5      | 4338 ||| Stepping ~*~*~tactically~*~*~ (hiding).
  4339 | D:5      | 4339 ||| Stepping ~*~*~tactically~*~*~ (hiding).
  4418 | D:5      | Reached skill level 8 in Axes
  4529 | D:5      | 4529 ||| INVOKING Fiery Armour.
  4653 | D:5      | Reached XP level 9. HP: 54/54 MP: 10/10
  4663 | D:5      | Reached skill level 6 in Fighting
  4694 | D:5      | 4694 ||| INVOKING Fiery Armour.
  4697 | D:5      | Killed from afar by an acid dragon

Levels and vault maps discovered:
D:1:      dpeg_arrival_radiant, layout_basic, dreamdust_wishing_well,
          minmay_misc_feat_five, chequers_serial_rivers_large_b
D:2:      layout_basic
D:3:      layout_loops_ring, xom_butterflies, basic_ecumenical_altar,
          palyth_stone_intersect, kennysheep_generic_room_15, uniq_sigmund
D:4:      gammafunk_cloud_chamber, layout_loops_ring, minmay_shop_grid_forest
D:5:      cheibrodos_barr_body, layout_layer_cave

Skill      XL: |  1  2  3  4  5  6  7  8  9 |
---------------+----------------------------+-----
Axes           | 3 4 5 6 8 |  8.1
Armour         | 1 2 3 4 |  4.9
Shields        | 2 4 |  4.1
Fighting       | 4 5 6 |  6.2
Spellcasting   | |  1.0
Fire Magic     | |  3.0

Action                     |  1- 3 |  4- 6 |  7- 9 || total
---------------------------+-------+-------+-------++-------
  Melee: Hand axe          |   151 |   185 |   157 ||   493
         Punch             |     1 |     1 |       ||     2
 Invoke: Fiery Armour      |       |     2 |     3 ||     5
    Use: Scroll            |     4 |     7 |       ||    11
         Potion            |       |     3 |     1 ||     4
 Armour: Robe              |    27 |       |       ||    27
         Pearl dragon scal |    29 |    92 |   113 ||   234
  Dodge: Dodged            |    84 |    77 |    66 ||   227
  Block: Buckler           |       |     9 |    25 ||    34

Table legend:
 A = Non-vault XP
 B = Vault XP
 C = Vault XP percentage of total XP
 D = Non-vault monster count
 E = Vault monster count
 F = Vault count percentage of total count
                 A         B        C        D         E       F
            +---------+---------+-------+---------+---------+-------
      Total |    2062 |     515 |  20.0 |     107 |       9 |   7.8
            +---------+---------+-------+---------+---------+-------
        D:1 |      37 |       0 |   0.0 |      22 |       0 |   0.0
        D:2 |      64 |       0 |   0.0 |      24 |       0 |   0.0
        D:3 |      89 |     215 |  70.7 |      21 |       2 |   8.7
        D:4 |    1520 |       0 |   0.0 |      26 |       0 |   0.0
        D:5 |     352 |     300 |  46.0 |      14 |       7 |  33.3
            +---------+---------+-------+---------+---------+-------
